| TOP OF THE 1ST |
|
St. Louis Cardinals batting - Pitching for Atlanta Braves : RHP Kevin Ovens-Toots
|
|
Pitching: RHP Kevin Ovens-Toots
|
|
|
Batting: RHB Nick Gentzel
|
0-0: Ball 1-0: Called Strike 1-1: Ground out 6-3 (Groundball, 6, EV 104.4 MPH)
|
|
Batting: LHB Tom Butterbaugh
|
0-0: Ground out 6-3 (Groundball, 6, EV 81.9 MPH)
|
|
Batting: SHB Antoine Roux
|
0-0: Called Strike 0-1: Swinging Strike 0-2: Ball 1-2: SINGLE (Line Drive, 56D, EV 104.4 MPH)
|
|
Batting: LHB Frank Hill
|
0-0: Called Strike 0-1: Ball 1-1: Ball 2-1: Called Strike 2-2: SINGLE (Popup, 4MD, EV 57.5 MPH) Antoine Roux to second
|
|
Batting: RHB Tenshou Takita
|
0-0: Ball 1-0: Ball 2-0: SINGLE (Flyball, 7LS, EV 101.2 MPH) Antoine Roux to third Frank Hill to second Runner from 3rd tries for Home, throw by LF and OUT! 7-2
|
| Top of the 1st over - 0 runs, 3 hits, 0 errors, 2 left on base; St. Louis 0 - Atlanta 0 |
| BOTTOM OF THE 1ST |
|
Atlanta Braves batting - Pitching for St. Louis Cardinals : RHP Geoff Mooney
|
|
Pitching: RHP Geoff Mooney
|
|
|
Batting: RHB Jeckel Hester
|
0-0: Ball 1-0: Called Strike 1-1: Swinging Strike 1-2: Strikes out looking
|
|
Batting: RHB Zhi-bin Ou-yang
|
0-0: Ball 1-0: Ground out 2-3 (Groundball, 13S, EV 68.1 MPH)
|
|
Batting: RHB Jordan Martin
|
0-0: Called Strike 0-1: Ball 1-1: Foul Ball, location: 2F 1-2: Fly out, F7 (Flyball, 7LD, EV 101.9 MPH)
|
| Bottom of the 1st over - 0 runs, 0 hits, 0 errors, 0 left on base; St. Louis 0 - Atlanta 0 |
| TOP OF THE 2ND |
|
St. Louis Cardinals batting - Pitching for Atlanta Braves : RHP Kevin Ovens-Toots
|
|
Batting: RHB Pavpv Ivanushkin
|
0-0: Ground out 5-3 (Groundball, 5L, EV 99.4 MPH)
|
|
Batting: RHB Eric Chotkowski
|
0-0: Ball 1-0: Called Strike 1-1: Ball 2-1: Fly out, F9 (Flyball, 89M, EV 87.5 MPH)
|
|
Batting: RHB Terry Baginski
|
0-0: Ball 1-0: Ball 2-0: Foul Ball, location: 2F 2-1: Called Strike 2-2: Strikes out swinging
|
| Top of the 2nd over - 0 runs, 0 hits, 0 errors, 0 left on base; St. Louis 0 - Atlanta 0 |
| BOTTOM OF THE 2ND |
|
Atlanta Braves batting - Pitching for St. Louis Cardinals : RHP Geoff Mooney
|
|
Batting: RHB Adriaan Pieters
|
0-0: Ball 1-0: Called Strike 1-1: Ball 2-1: Called Strike 2-2: Strikes out swinging
|
|
Batting: RHB Ramon Villarreal
|
0-0: Called Strike 0-1: Foul Ball, location: 2F 0-2: Ball 1-2: Strikes out looking
|
|
Batting: LHB Colin Worthington
|
0-0: Ball 1-0: Ball 2-0: Ball 3-0: Base on Balls
|
|
Batting: LHB Chad Persaud
|
0-0: Ball 1-0: Foul Ball, location: 2F 1-1: Ball 2-1: Ball 3-1: Foul Ball, location: 2F 3-2: Base on Balls Colin Worthington to second
|
|
Batting: RHB Tade Post
|
0-0: Fly out, F3 (Popup, 3SF, EV 70.6 MPH)
|
| Bottom of the 2nd over - 0 runs, 0 hits, 0 errors, 2 left on base; St. Louis 0 - Atlanta 0 |
| TOP OF THE 3RD |
|
St. Louis Cardinals batting - Pitching for Atlanta Braves : RHP Kevin Ovens-Toots
|
|
Batting: RHB Dustin Clark
|
0-0: Ball 1-0: Bunted foul 1-1: Ball 2-1: Ground out 5-3 (Groundball, 56S, EV 89.4 MPH)
|
|
Batting: RHB Nick Gentzel
|
0-0: Ball 1-0: Foul Ball, location: 2F 1-1: Ball 2-1: SINGLE (Groundball, 6MD, EV 100.6 MPH)
|
|
Batting: LHB Tom Butterbaugh
|
0-0: Called Strike 0-1: Called Strike 0-2: Ball 1-2: Foul Ball, location: 2F 1-2: Strikes out swinging
|
|
Batting: SHB Antoine Roux
|
0-0: Ball 1-0: Ball 2-0: Foul Ball, location: 2F 2-1: Fly out, F8 (Flyball, 8LXD, EV 93.8 MPH)
|
| Top of the 3rd over - 0 runs, 1 hit, 0 errors, 1 left on base; St. Louis 0 - Atlanta 0 |
| BOTTOM OF THE 3RD |
|
Atlanta Braves batting - Pitching for St. Louis Cardinals : RHP Geoff Mooney
|
|
Batting: RHB Jared Speck
|
0-0: Swinging Strike 0-1: Foul Ball, location: 2F 0-2: Fly out, F9 (Flyball, 9D, EV 98.8 MPH)
|
|
Batting: RHB Jeckel Hester
|
0-0: Ball 1-0: Called Strike 1-1: SINGLE (Groundball, 6MD, EV 101.9 MPH) (infield hit)
|
|
Batting: RHB Zhi-bin Ou-yang
|
0-0: Ball 1-0: Ball 2-0: Called Strike 2-1: Swinging Strike 2-2: Strikes out swinging
|
|
Batting: RHB Jordan Martin
|
0-0: Foul Ball, location: 2F 0-1: Fly out, F9 (Flyball, 89S, EV 78.1 MPH)
|
| Bottom of the 3rd over - 0 runs, 1 hit, 0 errors, 1 left on base; St. Louis 0 - Atlanta 0 |
| TOP OF THE 4TH |
|
St. Louis Cardinals batting - Pitching for Atlanta Braves : RHP Kevin Ovens-Toots
|
|
Batting: LHB Frank Hill
|
0-0: Called Strike 0-1: Called Strike 0-2: Ball 1-2: Strikes out looking
|
|
Batting: RHB Tenshou Takita
|
0-0: Foul Ball, location: 2F 0-1: SINGLE (Line Drive, 34D, EV 97.5 MPH)
|
|
Batting: RHB Pavpv Ivanushkin
|
0-0: Ball 1-0: Foul Ball, location: 2F 1-1: Swinging Strike 1-2: Foul Ball, location: 2F 1-2: Ball 2-2: Foul Ball, location: 2F 2-2: DOUBLE (Line Drive, 78XD, EV 105.6 MPH) Tenshou Takita to third Runner from 3rd tries for Home, SAFE, throw by LF to trailing runner, SAFE at third!
|
|
Batting: RHB Eric Chotkowski
|
0-0: Fly out, F8 (Flyball, 8LD, EV 105.6 MPH) Runner from 3rd tags up, SCORES, throw by CF
|
|
Batting: RHB Terry Baginski
|
0-0: Ball 1-0: Ball 2-0: Ball 3-0: Base on Balls
|
|
Batting: RHB Dustin Clark
|
0-0: Ball Terry Baginski is caught stealing 2nd base 2-4
|
| Top of the 4th over - 2 runs, 2 hits, 0 errors, 0 left on base; St. Louis 2 - Atlanta 0 |
| BOTTOM OF THE 4TH |
|
Atlanta Braves batting - Pitching for St. Louis Cardinals : RHP Geoff Mooney
|
|
Batting: RHB Adriaan Pieters
|
0-0: Ball 1-0: SINGLE (Flyball, 7LS, EV 101.9 MPH)
|
|
Batting: RHB Ramon Villarreal
|
0-0: Called Strike 0-1: Ball Adriaan Pieters steals 2nd base 1-1: Called Strike 1-2: Foul Ball, location: 2F 1-2: Ball 2-2: Strikes out swinging
|
|
Batting: LHB Colin Worthington
|
0-0: Foul Ball, location: 2F 0-1: Foul Ball, location: 2F 0-2: Ball 1-2: Ball 2-2: DOUBLE (Flyball, 7LD, EV 97.5 MPH) Adriaan Pieters scores
|
|
Batting: LHB Chad Persaud
|
0-0: Ball 1-0: Ground out 4-3 (Groundball, 4, EV 85.6 MPH) Colin Worthington to third
|
|
Batting: RHB Tade Post
|
0-0: Ball 1-0: Foul Ball, location: 2F 1-1: SINGLE (Groundball, 56D, EV 109.4 MPH) Colin Worthington scores
|
|
Batting: RHB Jared Speck
|
0-0: SINGLE (Groundball, 56S, EV 71.2 MPH) (infield hit) Tade Post to second
|
|
Batting: RHB Jeckel Hester
|
0-0: SINGLE (Line Drive, 8RS, EV 88.8 MPH) Tade Post to third Jared Speck to second Runner from 3rd tries for Home, SAFE, throw by CF to home
|
|
Batting: RHB Zhi-bin Ou-yang
|
0-0: Ball 1-0: Ball 2-0: Ball 3-0: Called Strike 3-1: Fielders Choice at 2nd, 6-4 (Groundball, 6, EV 91.2 MPH)
|
| Bottom of the 4th over - 3 runs, 5 hits, 0 errors, 2 left on base; St. Louis 2 - Atlanta 3 |
| TOP OF THE 5TH |
|
St. Louis Cardinals batting - Pitching for Atlanta Braves : RHP Kevin Ovens-Toots
|
|
Batting: RHB Dustin Clark
|
0-0: Ball 1-0: Ball 2-0: Ball 3-0: Called Strike 3-1: Called Strike 3-2: Strikes out swinging
|
|
Batting: RHB Nick Gentzel
|
0-0: Swinging Strike 0-1: Ball 1-1: Called Strike 1-2: Foul Ball, location: 2F 1-2: SINGLE (Groundball, 25, EV 63.8 MPH) (infield hit)
|
|
Batting: LHB Tom Butterbaugh
|
0-0: Ball 1-0: Ball 2-0: Ball 3-0: Called Strike 3-1: Called Strike 3-2: Fly out, F9 (Flyball, 9D, EV 101.2 MPH)
|
|
Batting: SHB Antoine Roux
|
0-0: Ball 1-0: Called Strike Nick Gentzel steals 2nd base 1-1: Fly out, F9 (Flyball, 89M, EV 95.0 MPH)
|
| Top of the 5th over - 0 runs, 1 hit, 0 errors, 1 left on base; St. Louis 2 - Atlanta 3 |
| BOTTOM OF THE 5TH |
|
Atlanta Braves batting - Pitching for St. Louis Cardinals : RHP Geoff Mooney
|
|
Batting: RHB Jordan Martin
|
0-0: Ground out 6-3 (Groundball, 6S, EV 84.4 MPH)
|
|
Batting: RHB Adriaan Pieters
|
0-0: Swinging Strike 0-1: Called Strike 0-2: Fly out, F9 (Flyball, 9, EV 91.2 MPH)
|
|
Batting: RHB Ramon Villarreal
|
0-0: Ball 1-0: Ball 2-0: Called Strike 2-1: Ball 3-1: Swinging Strike 3-2: Foul Ball, location: 2F 3-2: Foul Ball, location: 2F 3-2: DOUBLE (Flyball, 89D, EV 94.4 MPH)
|
|
Batting: LHB Colin Worthington
|
0-0: Fly out, F9 (Flyball, 89M, EV 85.0 MPH)
|
| Bottom of the 5th over - 0 runs, 1 hit, 0 errors, 1 left on base; St. Louis 2 - Atlanta 3 |
| TOP OF THE 6TH |
|
St. Louis Cardinals batting - Pitching for Atlanta Braves : RHP Kevin Ovens-Toots
|
|
Batting: LHB Frank Hill
|
0-0: Ball 1-0: Fly out, F2 (Popup, 2RF, EV 89.4 MPH)
|
|
Batting: RHB Tenshou Takita
|
0-0: Ball 1-0: Ball 2-0: SINGLE (Groundball, 56S, EV 71.2 MPH) (infield hit)
|
|
Batting: RHB Pavpv Ivanushkin
|
0-0: Ground out 5-3 (Groundball, 25, EV 62.5 MPH) Tenshou Takita to second
|
|
Batting: RHB Eric Chotkowski
|
0-0: Ground out 6-3 (Groundball, 6, EV 104.4 MPH)
|
| Top of the 6th over - 0 runs, 1 hit, 0 errors, 1 left on base; St. Louis 2 - Atlanta 3 |
| BOTTOM OF THE 6TH |
|
Atlanta Braves batting - Pitching for St. Louis Cardinals : RHP Geoff Mooney
|
|
Batting: LHB Chad Persaud
|
0-0: Called Strike 0-1: Called Strike 0-2: SOLO HOME RUN (Line Drive, 89XD, EV 113.1 MPH), Distance : 419 ft
|
|
Batting: RHB Tade Post
|
0-0: Ball 1-0: Ball 2-0: Fly out, F9 (Flyball, 9LM, EV 101.9 MPH)
|
|
Batting: RHB Jared Speck
|
0-0: Ball 1-0: Ball 2-0: SINGLE (Line Drive, 56D, EV 97.5 MPH)
|
|
Batting: RHB Jeckel Hester
|
0-0: Fly out, F3 (Line Drive, 3L, EV 75.0 MPH)
|
|
Batting: RHB Zhi-bin Ou-yang
|
0-0: Ball 1-0: Foul Ball, location: 2F 1-1: Ball Jared Speck is caught stealing 2nd base 2-4
|
| Bottom of the 6th over - 1 run, 2 hits, 0 errors, 0 left on base; St. Louis 2 - Atlanta 4 |
| TOP OF THE 7TH |
|
St. Louis Cardinals batting - Pitching for Atlanta Braves : RHP Kevin Ovens-Toots
|
|
Batting: RHB Terry Baginski
|
0-0: Ball 1-0: Ground out 5-3 (Groundball, 56S, EV 89.4 MPH)
|
|
Batting: RHB Dustin Clark
|
0-0: Ball 1-0: SINGLE (Groundball, 4MD, EV 97.5 MPH)
|
|
Batting: RHB Nick Gentzel
|
0-0: Foul Ball, location: 2F 0-1: Fly out, F2 (Popup, 5SF, EV 74.4 MPH)
|
|
Batting: LHB Tom Butterbaugh
|
0-0: Called Strike 0-1: Foul Ball, location: 2F 0-2: Ball Dustin Clark steals 2nd, throwing error, E2 Dustin Clark to third 1-2: Ball 2-2: DOUBLE (Flyball, 78D, EV 111.2 MPH) Dustin Clark scores
|
|
Batting: SHB Antoine Roux
|
0-0: Foul Ball, location: 2F 0-1: Fly out, F8 (Line Drive, 8RM, EV 96.9 MPH)
|
| Top of the 7th over - 1 run, 2 hits, 1 error, 1 left on base; St. Louis 3 - Atlanta 4 |
| BOTTOM OF THE 7TH |
|
Atlanta Braves batting - Pitching for St. Louis Cardinals : RHP Geoff Mooney
|
|
Batting: RHB Zhi-bin Ou-yang
|
0-0: Swinging Strike 0-1: Foul Ball, location: 2F 0-2: Ball 1-2: Strikes out swinging
|
|
Pitching: RHP Bryan Banana
|
|
|
Batting: RHB Jordan Martin
|
0-0: Ground out 6-3 (Groundball, 56, EV 88.8 MPH)
|
|
Batting: RHB Adriaan Pieters
|
0-0: Ball 1-0: Ball 2-0: Called Strike 2-1: Called Strike 2-2: Ball 3-2: Base on Balls
|
|
Batting: RHB Ramon Villarreal
|
0-0: Called Strike 0-1: Ground out U3 (Groundball, 3L, EV 79.4 MPH)
|
| Bottom of the 7th over - 0 runs, 0 hits, 0 errors, 1 left on base; St. Louis 3 - Atlanta 4 |
| TOP OF THE 8TH |
|
St. Louis Cardinals batting - Pitching for Atlanta Braves : RHP Kevin Ovens-Toots
|
|
Pitching: RHP Alex Montes
|
|
|
Batting: LHB Frank Hill
|
0-0: Called Strike 0-1: Ball 1-1: Foul Ball, location: 2F 1-2: Strikes out looking
|
|
Batting: RHB Tenshou Takita
|
0-0: Foul Ball, location: 2F 0-1: Ball 1-1: Ball 2-1: Ball 3-1: Called Strike 3-2: Base on Balls
|
|
Batting: RHB Pavpv Ivanushkin
|
0-0: SINGLE (Groundball, 6MD, EV 96.9 MPH) Tenshou Takita to second Runner from 2nd tries for 3rd, SAFE, throw by CF made at trailing runner, OUT! 8-4
|
|
Batting: RHB Eric Chotkowski
|
0-0: Called Strike 0-1: Foul Ball, location: 2F 0-2: SINGLE (Line Drive, 9S, EV 111.2 MPH) Tenshou Takita scores
|
|
Batting: RHB Terry Baginski
|
0-0: Ground out 6-3 (Groundball, 56, EV 95.6 MPH)
|
| Top of the 8th over - 1 run, 2 hits, 0 errors, 1 left on base; St. Louis 4 - Atlanta 4 |
| BOTTOM OF THE 8TH |
|
Atlanta Braves batting - Pitching for St. Louis Cardinals : RHP Bryan Banana
|
|
Batting: LHB Colin Worthington
|
0-0: Ball 1-0: Swinging Strike 1-1: Foul Ball, location: 2F 1-2: Ball 2-2: Ball 3-2: Foul Ball, location: 2F 3-2: Base on Balls
|
|
Pinch Runner at 1st Liangde Li:
|
|
|
Batting: LHB Chad Persaud
|
0-0: DOUBLE (Flyball, 89D, EV 98.1 MPH) Liangde Li to third
|
|
Batting: RHB Tade Post
|
0-0: Foul Ball, location: 2F 0-1: Foul Ball, location: 2F 0-2: Foul Ball, location: 2F 0-2: Foul Ball, location: 2F 0-2: Ball 1-2: Ground out 6-3 (Groundball, 6S, EV 71.2 MPH)
|
|
Batting: RHB Jared Speck
|
0-0: Foul Ball, location: 2F 0-1: Ball 1-1: Ball 2-1: Foul Ball, location: 2F 2-2: Foul Ball, location: 2F 2-2: Ball 3-2: Strikes out swinging
|
|
Batting: RHB Jeckel Hester
|
0-0: Intentional Walk
|
|
Batting: RHB Zhi-bin Ou-yang
|
0-0: Ball 1-0: Ball 2-0: Foul Ball, location: 2F 2-1: Foul Ball, location: 2F 2-2: Ground out U3 (Groundball, 3, EV 103.8 MPH)
|
| Bottom of the 8th over - 0 runs, 1 hit, 0 errors, 3 left on base; St. Louis 4 - Atlanta 4 |
| TOP OF THE 9TH |
|
St. Louis Cardinals batting - Pitching for Atlanta Braves : RHP Alex Montes
|
|
Now in LF: Adriaan Pieters
|
|
|
Now in CF: Liangde Li
|
|
|
Now in RF: Jared Speck
|
|
|
Batting: RHB Dustin Clark
|
0-0: Ball 1-0: Ball 2-0: Foul Ball, location: 2F 2-1: Foul Ball, location: 2F 2-2: Ball 3-2: Strikes out swinging, 2-3 out at first.
|
|
Batting: RHB Nick Gentzel
|
0-0: Ball 1-0: Ball 2-0: Ball 3-0: Called Strike 3-1: Fly out, F8 (Line Drive, 89M, EV 88.8 MPH)
|
|
Batting: LHB Tom Butterbaugh
|
0-0: Called Strike 0-1: Swinging Strike 0-2: Foul Ball, location: 2F 0-2: Ball 1-2: Strikes out swinging
|
| Top of the 9th over - 0 runs, 0 hits, 0 errors, 0 left on base; St. Louis 4 - Atlanta 4 |
| BOTTOM OF THE 9TH |
|
Atlanta Braves batting - Pitching for St. Louis Cardinals : RHP Bryan Banana
|
|
Pitching: RHP Danny Romero
|
|
|
Batting: RHB Jordan Martin
|
0-0: SINGLE (Groundball, 6MD, EV 97.5 MPH)
|
|
Batting: RHB Adriaan Pieters
|
0-0: Ball 1-0: Foul Ball, location: 2F 1-1: Foul Ball, location: 2F 1-2: Foul Ball, location: 2F 1-2: SINGLE (Line Drive, 7S, EV 106.2 MPH) Jordan Martin to second
|
|
Batting: RHB Ramon Villarreal
|
0-0: Called Strike 0-1: Fly out, F8 (Flyball, 8RM, EV 90.6 MPH)
|
|
Batting: RHB Liangde Li
|
0-0: Called Strike 0-1: Foul Ball, location: 2F 0-2: Foul Ball, location: 2F 0-2: Ball 1-2: Strikes out swinging
|
|
Batting: LHB Chad Persaud
|
0-0: Swinging Strike 0-1: Swinging Strike 0-2: Ball 1-2: Ball 2-2: Strikes out looking
|
| Bottom of the 9th over - 0 runs, 2 hits, 0 errors, 2 left on base; St. Louis 4 - Atlanta 4 |
| TOP OF THE 10TH |
|
St. Louis Cardinals batting - Pitching for Atlanta Braves : RHP Alex Montes
|
|
Pitching: RHP Victor Munoz
|
|
|
Batting: SHB Antoine Roux
|
0-0: Ball 1-0: Called Strike 1-1: Foul Ball, location: 2F 1-2: Strikes out looking
|
|
Batting: LHB Frank Hill
|
0-0: Ball 1-0: Foul Ball, location: 2F 1-1: Ground out U3 (Groundball, 3, EV 103.8 MPH)
|
|
Batting: RHB Tenshou Takita
|
0-0: Ball 1-0: Called Strike 1-1: Ball 2-1: Ground out 4-3 (Groundball, 4M, EV 109.4 MPH)
|
| Top of the 10th over - 0 runs, 0 hits, 0 errors, 0 left on base; St. Louis 4 - Atlanta 4 |
| BOTTOM OF THE 10TH |
|
Atlanta Braves batting - Pitching for St. Louis Cardinals : RHP Danny Romero
|
|
Batting: RHB Tade Post
|
0-0: Ball 1-0: Foul Ball, location: 2F 1-1: Called Strike 1-2: Ball 2-2: Ball 3-2: Base on Balls
|
|
Batting: RHB Jared Speck
|
0-0: Ball 1-0: Called Strike 1-1: Called Strike 1-2: Strikes out swinging
|
|
Batting: RHB Jeckel Hester
|
0-0: Called Strike 0-1: Ball 1-1: Foul Ball, location: 2F 1-2: Ball 2-2: Ball 3-2: Strikes out swinging
|
|
Batting: RHB Zhi-bin Ou-yang
|
0-0: Swinging Strike 0-1: Ball 1-1: Foul Ball, location: 2F 1-2: Ball 2-2: Foul Ball, location: 2F 2-2: Strikes out swinging
|
| Bottom of the 10th over - 0 runs, 0 hits, 0 errors, 1 left on base; St. Louis 4 - Atlanta 4 |
| TOP OF THE 11TH |
|
St. Louis Cardinals batting - Pitching for Atlanta Braves : RHP Victor Munoz
|
|
Batting: RHB Pavpv Ivanushkin
|
0-0: Called Strike 0-1: Ball 1-1: Ball 2-1: Ball 3-1: Foul Ball, location: 2F 3-2: Foul Ball, location: 2F 3-2: Strikes out swinging
|
|
Batting: RHB Eric Chotkowski
|
0-0: Called Strike 0-1: Swinging Strike 0-2: Ball 1-2: Foul Ball, location: 2F 1-2: Strikes out swinging
|
|
Batting: RHB Terry Baginski
|
0-0: Ball 1-0: Called Strike 1-1: Called Strike 1-2: Ball 2-2: Strikes out swinging
|
| Top of the 11th over - 0 runs, 0 hits, 0 errors, 0 left on base; St. Louis 4 - Atlanta 4 |
| BOTTOM OF THE 11TH |
|
Atlanta Braves batting - Pitching for St. Louis Cardinals : RHP Danny Romero
|
|
Batting: RHB Jordan Martin
|
0-0: Called Strike 0-1: Ball 1-1: Ball 2-1: Ball 3-1: Ground out 6-3 (Groundball, 4M, EV 90.6 MPH)
|
|
Batting: RHB Adriaan Pieters
|
0-0: Ball 1-0: Called Strike 1-1: Ball 2-1: SINGLE (Groundball, 6S, EV 71.2 MPH) (infield hit)
|
|
Batting: RHB Ramon Villarreal
|
0-0: Foul Ball, location: 2F 0-1: Foul Ball, location: 2F 0-2: Foul Ball, location: 2F 0-2: Ball 1-2: Foul Ball, location: 2F 1-2: Ball 2-2: Fly out, F8 (Flyball, 89D, EV 101.2 MPH)
|
|
Pitching: LHP Nick Suggett
|
|
|
Batting: RHB Liangde Li
|
0-0: Ball Adriaan Pieters steals 2nd base 1-0: Called Strike 1-1: Ball 2-1: Ball 3-1: Base on Balls
|
|
Batting: RHB Charles Marcel
|
0-0: Ball 1-0: Ball 2-0: Called Strike 2-1: Foul Ball, location: 2F 2-2: SINGLE (Groundball, 4MD, EV 109.4 MPH) Adriaan Pieters to third Liangde Li to second Runner from 3rd tries for Home, SAFE, throw by CF to home
|
| Bottom of the 11th over - 1 run, 2 hits, 0 errors, 2 left on base; St. Louis 4 - Atlanta 5 |
|